General information
			
			
        
        - name: BNet
 
        - type: Ladder team game (AT/RT)
 
        - host: Battle.net
 
        - saver: BRAUMS
 
        
map: Monsoon 
        - players: 6
 
        - length: 18:52
 
        - speed: Fast
 - version: 1.22 W3XP
 - replay type:  Public
 
» download(131 KB)
Players
        team 1 (winner) 
              
              
BRAUMS (
purple | 104 APM | 1969 actions | 18:52)
              
 5 Death Knight 
 2 Death Coil
 3 Unholy Aura
 3 Lich 
 2 Frost Nova
 1 Frost Armor
 2 Dreadlord 
 1 Sleep
 1 Carrion Swarm
 
                » actions 
                
                | Assign group hotkey | 26 |  | 
| Basic commands | 134 |  | 
| Build / train | 51 |  | 
| Enter build submenu | 17 |  | 
| Enter hero's abilities submenu | 10 |  | 
| Give item / drop item | 2 |  | 
| Right click | 807 |  | 
| Select / deselect | 380 |  | 
| Select group hotkey | 455 |  | 
| Use ability | 87 |  | 
                1969 total
 » units 
                
                | Acolyte | 2 |  | 
| Ghoul | 2 |  | 
| Crypt Fiend | 6 |  | 
| Frost Wyrm | 4 |  | 
                14 total
 » upgrades
                » buildings
                
                | Crypt | 1 |  | 
| Graveyard | 2 |  | 
| Altar of Darkness | 1 |  | 
| Ziggurat | 7 |  | 
| Tomb of Relics | 1 |  | 
| Halls of the Dead | 1 |  | 
| Spirit Tower | 3 |  | 
| Black Citadel | 1 |  | 
| Sacrificial Pit | 1 |  | 
| Boneyard | 2 |  | 
                20 total
 » build order
                00:05 Crypt
00:19 Graveyard
00:25 Graveyard
00:42 Altar of Darkness
00:58 Ziggurat
01:24 Tomb of Relics
02:01 Ziggurat
04:25 Halls of the Dead
04:45 Spirit Tower
05:01 Spirit Tower
05:04 Ziggurat
05:05 Ziggurat
05:29 Ziggurat
05:32 Ziggurat
05:34 Ziggurat
05:58 Spirit Tower
06:51 Black Citadel
08:16 Sacrificial Pit
09:19 Boneyard
09:37 Boneyard
» items
                
                | Rod of Necromancy | 2 |  | 
| Lesser Clarity Potion | 3 |  | 
| Potion of Mana | 3 |  | 
| Potion of Lesser Invulnerability | 2 |  | 
| Scroll of Town Portal | 5 |  | 
| Orb of Corruption | 1 |  | 
| Potion of Healing | 1 |  | 
                17 total
  
               
              
              
Iceberg-Slim (
teal | 86 APM | 1623 actions | 18:52)
              
 3 Priestess of the Moon 
 2 Trueshot Aura
 1 Searing Arrows
 1 Keeper of the Grove 
 1 Entangling Roots
 
                » actions 
                
                | Assign group hotkey | 26 |  | 
| Basic commands | 123 |  | 
| Build / train | 79 |  | 
| ESC pressed | 1 |  | 
| Enter build submenu | 27 |  | 
| Enter hero's abilities submenu | 4 |  | 
| Remove unit from queue | 1 |  | 
| Right click | 633 |  | 
| Select / deselect | 365 |  | 
| Select group hotkey | 327 |  | 
| Use ability | 37 |  | 
                1623 total
 » units 
                
                | Wisp | 31 |  | 
| Huntress | 5 |  | 
| Archer | 7 |  | 
| Hippogryph | 15 |  | 
| Dryad | 10 |  | 
                68 total
 » upgrades
                
                | Improved Bows | 1 |  | 
| Strength of the Moon | 1 |  | 
| Hippogryph Taming | 0 |  | 
| Ultravision | 1 |  | 
                3 total
 » buildings
                
                | Altar of Elders | 1 |  | 
| Moon Well | 7 |  | 
| Hunter's Hall | 1 |  | 
| Ancient of War | 2 |  | 
| Ancient of Wonders | 1 |  | 
| Tree of Ages | 1 |  | 
| Ancient of Wind | 9 |  | 
| Tree of Life | 3 |  | 
| Ancient of Lore | 2 |  | 
                27 total
 » build order
                00:06 Altar of Elders
00:20 Moon Well
01:50 Hunter's Hall
01:56 Ancient of War
02:02 Ancient of War
02:14 Moon Well
02:25 Ancient of Wonders
03:07 Moon Well
04:10 Tree of Ages
05:43 Moon Well
06:32 Ancient of Wind
06:34 Ancient of Wind
07:26 Ancient of Wind
08:03 Ancient of Wind
08:07 Ancient of Wind
08:19 Tree of Life
09:11 Ancient of Wind
09:37 Tree of Life
10:13 Ancient of Lore
10:42 Moon Well
12:30 Ancient of Lore
12:31 Ancient of Wind
13:10 Ancient of Wind
15:12 Ancient of Wind
15:32 Moon Well
15:33 Moon Well
16:44 Tree of Life
 
               
              
              
» 
TIMG4STRok (
pink | 94 APM | 1778 actions | 18:52)
              
 2 Tauren Chieftain 
 1 War Stomp
 1 Endurance Aura
 
                » actions 
                
                | Assign group hotkey | 21 |  | 
| Basic commands | 31 |  | 
| Build / train | 21 |  | 
| ESC pressed | 2 |  | 
| Enter build submenu | 8 |  | 
| Enter hero's abilities submenu | 2 |  | 
| Give item / drop item | 3 |  | 
| Right click | 1071 |  | 
| Select / deselect | 212 |  | 
| Select group hotkey | 382 |  | 
| Use ability | 25 |  | 
                1778 total
 » units 
                » buildings
                
                | Altar of Storms | 1 |  | 
| Orc Burrow | 2 |  | 
| Barracks | 1 |  | 
| Voodoo Lounge | 1 |  | 
| Stronghold | 1 |  | 
                6 total
 » build order
                00:05 Altar of Storms
00:12 Orc Burrow
00:43 Barracks
01:38 Orc Burrow
01:59 Voodoo Lounge
02:58 Stronghold
» items
                
                | Scroll of Speed | 1 |  | 
| Lesser Clarity Potion | 1 |  | 
| Healing Salve | 1 |  | 
| Boots of Speed | 1 |  | 
                4 total
  
               team 2 (loser) 
              
              
100 (
red | 69 APM | 1304 actions | 18:48)
              
 3 Demon Hunter 
 2 Mana Burn
 1 Evasion
 
                » actions 
                
                | Assign group hotkey | 2 |  | 
| Basic commands | 24 |  | 
| Build / train | 18 |  | 
| Enter build submenu | 3 |  | 
| Enter hero's abilities submenu | 3 |  | 
| Give item / drop item | 1 |  | 
| Right click | 686 |  | 
| Select / deselect | 204 |  | 
| Select group hotkey | 304 |  | 
| Use ability | 59 |  | 
                1304 total
 » units 
                » buildings
                
                | Altar of Elders | 2 |  | 
| Moon Well | 1 |  | 
                3 total
 » build order
                00:08 Altar of Elders
00:13 Altar of Elders
00:18 Moon Well
» items
                
                | Staff of Teleportation | 1 |  | 
| Dust of Appearance | 1 |  | 
                2 total
  
               
              
              
sIVANGMAOMI (
blue | 97 APM | 1816 actions | 18:45)
              
 4 Death Knight 
 2 Death Coil
 2 Unholy Aura
 3 Lich 
 2 Frost Nova
 1 Dark Ritual
 
                » actions 
                
                | Assign group hotkey | 27 |  | 
| Basic commands | 201 |  | 
| Build / train | 61 |  | 
| Enter build submenu | 20 |  | 
| Enter hero's abilities submenu | 7 |  | 
| Remove unit from queue | 2 |  | 
| Right click | 542 |  | 
| Select / deselect | 184 |  | 
| Select group hotkey | 716 |  | 
| Use ability | 56 |  | 
                1816 total
 » units 
                
                | Gargoyle | 4 |  | 
| Acolyte | 2 |  | 
| Frost Wyrm | 7 |  | 
                13 total
 » upgrades
                
                | Creature Attack | 3 |  | 
| Creature Carapace | 4 |  | 
| Freezing Breath | 1 |  | 
                8 total
 » buildings
                
                | Halls of the Dead | 5 |  | 
| Ziggurat | 9 |  | 
| Graveyard | 1 |  | 
| Altar of Darkness | 1 |  | 
| Crypt | 4 |  | 
| Tomb of Relics | 1 |  | 
| Black Citadel | 1 |  | 
| Sacrificial Pit | 2 |  | 
| Boneyard | 3 |  | 
                27 total
 » build order
                00:22 Halls of the Dead
00:23 Halls of the Dead
00:23 Halls of the Dead
00:34 Ziggurat
00:39 Graveyard
00:41 Altar of Darkness
01:33 Crypt
01:39 Crypt
01:40 Crypt
01:45 Crypt
01:49 Ziggurat
01:52 Ziggurat
02:54 Tomb of Relics
03:38 Black Citadel
03:42 Sacrificial Pit
03:49 Sacrificial Pit
04:17 Ziggurat
06:06 Boneyard
06:06 Boneyard
06:07 Boneyard
06:27 Ziggurat
08:48 Ziggurat
08:57 Ziggurat
10:11 Ziggurat
10:58 Ziggurat
» items
                
                | Scroll of Town Portal | 2 |  | 
| Potion of Healing | 1 |  | 
                3 total
  
               
              
              
yourasianlover (
orange | 28 APM | 531 actions | 18:51)
              
 2 Pandaren Brewmaster 
 1 Breath of Fire
 1 Drunken Haze
 
                » actions 
                
                | Basic commands | 3 |  | 
| Build / train | 23 |  | 
| Enter build submenu | 2 |  | 
| Enter hero's abilities submenu | 2 |  | 
| Give item / drop item | 1 |  | 
| Right click | 359 |  | 
| Select / deselect | 119 |  | 
| Use ability | 22 |  | 
                531 total
 » units 
                » buildings
                
                | Moon Well | 1 |  | 
| Altar of Elders | 1 |  | 
                2 total
 » build order
                00:10 Moon Well
00:22 Altar of Elders
 
                Chat log
          (00:14 / All) BRAUMS: soemthin in the streets went
(00:26 / All) BRAUMS: bang bang
(00:31 / All) Iceberg-Slim: ~*~ Fight With Honor And Have Excellent Manner ~*~
(00:33 / All) BRAUMS: makin it hard for you to do ya thang thang
(00:45 / All) BRAUMS: oh btw tina
(00:47 / All) BRAUMS: u got a big nose
(00:56 / All) yourasianlover: ty
(01:01 / All) yourasianlover: want to suck it?
(01:06 / All) BRAUMS: If it's bigger than your penis
(01:17 / All) TIMG4STRok: suckin dick is my fav. thing to do
(01:32 / All) BRAUMS: hi Im 19
(01:35 / All) BRAUMS: and I like to drink beer
(01:38 / All) BRAUMS: and go clubbin on weekands
(01:42 / All) yourasianlover: thats cool
(01:43 / All) 100: omg really
(01:44 / All) 100: clubbing ?
(01:45 / All) 100: wow
(01:47 / All) 100: i wish i can do that
(01:48 / All) 100: Im only 16
(01:53 / All) BRAUMS: i get more ass....than you....
(01:55 / All) BRAUMS: ever will..
(01:58 / All) 100: ya man
(02:00 / All) 100: ur cool
(02:02 / All) 100: yo
(02:05 / All) BRAUMS: Don't confirm it.
(02:13 / All) BRAUMS: sorry I was partying when I was 16
(02:18 / All) 100: im a loser loL
(02:20 / All) 100: im anti social
(02:26 / All) BRAUMS: well who's fault
(02:27 / All) TIMG4STRok: i sucked a dick for the first time when i was 16
(02:28 / All) BRAUMS: is that
(02:32 / All) 100: my fault
(02:38 / All) BRAUMS: i sucked clit
(02:40 / All) BRAUMS: when I was 15
(04:34 / All) sIVANGMAOMI: hi
(04:43 / All) 100: gg
(06:15 / All) BRAUMS: rofl
(06:17 / All) BRAUMS: god dman
(07:47 / All) BRAUMS: tp
(07:55 / All) BRAUMS: rof;
(07:58 / All) BRAUMS: ajhajajaja
(08:07 / All) 100: to bad u still lost lol
(08:09 / All) BRAUMS: stick to mhing
(08:10 / All) BRAUMS: in solo 100
(08:12 / All) BRAUMS: u fucking blow
(08:15 / All) 100: LOL
(08:16 / All) 100: REALLY
(08:16 / All) 100: :{
(08:17 / All) 100: LOL
(08:19 / All) 100: if i was ud
(08:21 / All) 100: u lose right now
(08:23 / All) BRAUMS: "if u were ud"
(08:24 / All) 100: u stupid fucking retard trash
(08:27 / All) 100: u still loss
(08:27 / All) 100: LOL
(08:28 / All) 100: U STILL
(08:29 / All) 100: LOST
(08:31 / All) 100: LOSST
(08:32 / All) TIMG4STRok: but you aint, you just a big fat nooby
(08:43 / All) BRAUMS: whos fault for feeding an ooby
(08:45 / All) BRAUMS: sivangmaomi
(08:47 / All) BRAUMS: ex prototrash
(08:52 / All) 100: ok
(08:56 / All) 100: but u still loss so why r ut alking
(09:00 / All) BRAUMS: i bet
(09:03 / All) BRAUMS: his lvl1 dk
(09:05 / All) BRAUMS: is gonna hurt me
(09:05 / All) BRAUMS: so bad
(09:09 / All) 100: lvl 3
(09:11 / All) BRAUMS: me bettwe watch out
(09:22 / All) BRAUMS: let me guess frost wyrms
(09:29 / All) sIVANGMAOMI: ?
(13:11 / All) 100: purple ?
(14:17 / All) yourasianlover: <3
(14:22 / All) sIVANGMAOMI: bai
(15:58 / Allies) BRAUMS: ?
(15:59 / All) BRAUMS: ?
(16:12 / All) BRAUMS: Sivang cant use wyrms?
(18:01 / All) 100: lol ..
(18:04 / All) 100: im losing to 50% noob
(18:04 / All) 100: LMAO
(18:12 / All) TIMG4STRok: angry little nerd arent you
(18:13 / All) Iceberg-Slim: manner up and leave
(18:16 / All) 100: manner up ?
(18:18 / All) 100: im losing to shit players
(18:22 / All) TIMG4STRok: lmao
(18:29 / All) TIMG4STRok: guy picks ud/ne/ne, loses, talks shit
(18:30 / All) 100: like you guys are idiots
(18:33 / All) 100: ud ne ne ?
(18:34 / All) 100: its
(18:38 / All) 100: a freed
(18:40 / All) Iceberg-Slim: gg
(18:41 / All) 100: dumbass
(18:41 / All) TIMG4STRok: how bad do you have to be to lose to stomp tc when you garg feed
(18:42 / All) 100: I do nothing
(18:43 / All) Iceberg-Slim: leave
(18:45 / All) BRAUMS: Dam leave
(18:48 / All) Iceberg-Slim: thanks for the free win